 Dungeon Crawl Stone Soup version 0.20-a0-1057-g9a88637 (webtiles) character file.

116 MatthieuS the Magician (level 4, -4/28 HPs)
             Began as a Deep Elf Wizard on Apr 25, 2017.
             Slain by a gnoll
             ... wielding a cursed -1 whip
              (10 damage)
             ... on level 3 of the Dungeon on Apr 26, 2017.
             The game lasted 00:11:54 (2770 turns).

MatthieuS the Magician (Deep Elf Wizard)            Turns: 2770, Time: 00:11:54

Health: -4/28      AC:  2    Str:  5    XL:     4   Next: 70%
Magic:  2/12       EV: 12    Int: 23    God:
Gold:   103        SH:  3    Dex: 13    Spells: 2/12 levels left

rFire    + . .     SeeInvis .   n - -2 flail (curse)
rCold    . . .     Gourm    .   g - +0 buckler
rNeg     . . .     Faith    .   a - +0 robe
rPois    .         Spirit   .   b - +0 hat
rElec    .         Reflect  .   (no cloak)
rCorr    .         Harm     .   (no gloves)
MR       .....                  (no boots)
Stlth    ++........             (no amulet)
Regen    0.1/turn               (no ring)
MPRegen  0.2/turn               (no ring)

@: very slightly contaminated
A: fire resistance 1, mutation resistance 1
a: no special abilities


You were on level 3 of the Dungeon.
You were not hungry.

You visited 1 branch of the dungeon, and saw 5 of its levels.

You collected 103 gold pieces.

Inventory:

Hand Weapons
 h - a +1 short sword
 n - a cursed -2 flail (weapon)
Missiles
 j - 27 stones (quivered)
 l - 4 tomahawks
Armour
 a - a +0 robe (worn)
 b - a +0 hat (worn)
 g - a +0 buckler (worn)
Scrolls
 e - a scroll of teleportation
 f - 2 scrolls of fear
 o - a scroll of recharging {unknown}
Potions
 d - a potion of lignification {unknown}
Books
 c - a book of Minor Magic

   Spells                             Type                      Level
   a - Magic Dart                     Conjuration                  1
   b - Blink                          Translocation                2
   c - Call Imp                       Summoning                    2
   d - Slow                           Hexes                        2
   e - Conjure Flame                  Conjuration/Fire             3
   f - Mephitic Cloud                 Conjuration/Poison/Air       3
Comestibles
 i - 3 chunks of flesh
 m - a meat ration


   Skills:
 - Level 3.0 Fighting
 - Level 2.4 Dodging
 - Level 2.4 Stealth
 + Level 4.5 Spellcasting
 + Level 1.4 Conjurations
 + Level 1.0 Hexes
 - Level 2.0 Summonings
 - Level 1.1 Translocations


You had 2 spell levels left.
You knew the following spells:

 Your Spells              Type           Power        Failure   Level  Hunger
a - Magic Dart            Conj           ##..         9%          1    None
b - Blink                 Tloc           N/A          16%         2    None
c - Call Imp              Summ           ##......     11%         2    None
d - Slow                  Hex            #.......     17%         2    None
e - Conjure Flame         Conj/Fire      #.......     36%         3    ##.....


Dungeon Overview and Level Annotations

Branches:
Dungeon (5/15)
 Temple: D:4-7

Altars:

Annotations:
D:2 Natasha


Innate Abilities, Weirdness & Mutations

Your flesh is heat resistant. (rF+)
You are somewhat resistant to further mutation.


Message History

Aim: a gnoll, wielding a whip (translocational energy, severely wounded)
The magic dart hits the gnoll.
The gnoll is severely wounded.
The gnoll hits you with a whip. x2
Your crimson imp hits the gnoll but does no damage.
Casting: Magic Dart
Confirm with . or Enter, or press ? or * to list all spells.
Aiming: Magic Dart
Press: ? - help, Shift-Dir - straight line, f/p - gnoll
Aim: a gnoll, wielding a whip (translocational energy, severely wounded)
The magic dart hits the gnoll.
The gnoll is severely wounded.
The gnoll barely misses you. The gnoll hits you with a whip!
* * * LOW HITPOINT WARNING * * *
Your crimson imp barely misses the gnoll.
Your crimson imp blinks!
Your crimson imp blinks! x2
You see here 8 arrows.
The gnoll hits you with a whip!
You die...

#. #.#...#.# .#.#..
#.#...#.# ...#..#
#.......# .......
###...### ....... #...#
.
.....5.######...#####..
#............5.........
#.<....5§..g...........
#..........g@..........
##.##.#######..÷#####..
.. #[..# . #.# #...# s.
#...# ########## #...#
#.......####...#
#.#####.......## #
#.#####.#####.#####.##


You could see 2 gnolls and 3 friendly crimson imps.

Vanquished Creatures
  An orc wizard (D:4)
  3 dart slugs
  3 leopard geckos (D:1)
  An orc (D:4)
  3 bats
  A giant cockroach (D:3)
  5 goblins
  3 hobgoblins (D:1)
  5 kobolds
  A quokka (D:4)
  A frilled lizard (D:1)
  2 rats (D:1)
29 creatures vanquished.

Vanquished Creatures (collateral kills)
  An orc priest (D:4)
  An orc wizard (D:4)
  A gnoll (D:3)
  2 adders
  4 orcs
  A hobgoblin (D:3)
10 creatures vanquished.

Grand Total: 39 creatures vanquished

Notes
Turn   | Place    | Note
-------+----------+-------------------------------------------
     0 | D:1      | MatthieuS the Deep Elf Wizard began the quest for the Orb.
     0 | D:1      | Reached XP level 1. HP: 10/10 MP: 7/7
   111 | D:1      | Reached skill level 1 in Fighting
   178 | D:1      | Reached XP level 2. HP: 5/16 MP: 5/9
  1093 | D:2      | Upgraded the game from 0.20-a0-1050-g57248f3 to 0.20-a0-1057-g9a88637
  1096 | D:2      | Learned a level 2 spell: Blink
  1099 | D:2      | Learned a level 2 spell: Call Imp
  1102 | D:2      | Learned a level 2 spell: Slow
  1212 | D:2      | Reached XP level 3. HP: 21/21 MP: 8/10
  1378 | D:2      | Noticed Natasha
  1629 | D:2      | You fall through a shaft for 2 floors!
  1869 | D:4      | Reached XP level 4. HP: 12/27 MP: 0/12
  1870 | D:4      | Gained mutation: Your flesh is heat resistant. (rF+) [potion of mutation]
  1870 | D:4      | Gained mutation: You are somewhat resistant to further mutation. [potion of mutation]
  1879 | D:5      | Entered Level 5 of the Dungeon
  2492 | D:3      | Learned a level 3 spell: Conjure Flame
  2594 | D:3      | Reached skill level 1 in Hexes
  2770 | D:3      | Slain by a gnoll

Vault maps used:
D:1:      dpeg_arrival_fog
D:2:      uniq_natasha
D:4:      cheibrodos_sewer_entry_bend, nicolae_dithmenos_through_a_glass_darkly,
          uniq_crazy_yiuf_cottage, uniq_duvessa, uniq_eustachio
D:5:      grunt_temple_overflow_open, first_bread, small_statue_intersection,
          uniq_edmund, uniq_pikel, uniq_menkaure

Skill      XL: |  1  2  3  4 |
---------------+-------------+-----
Fighting       | 1 2 3 |  3.0
Summonings     | 2 |  2.0
Hexes          | 1 |  1.0
Dodging        | |  2.4
Stealth        | |  2.4
Spellcasting   | |  4.5
Conjurations   | |  1.4
Translocations | |  1.1

Action                   |  1- 3 |  4- 6 || total
-------------------------+-------+-------++-------
Melee: Short sword       |    33 |    19 ||    52
 Cast: Magic Dart        |    55 |     8 ||    63
       Call Imp          |    11 |    11 ||    22
  Use: Scroll            |     3 |     1 ||     4
       Potion            |       |     2 ||     2
 Stab: Sleeping          |       |     1 ||     1
  Eat: Chunk             |     1 |       ||     1
       Fruit             |     2 |       ||     2
       Bread ration      |       |     1 ||     1
Armor: Robe              |     7 |     2 ||     9
Dodge: Dodged            |    34 |    13 ||    47
Block: Buckler           |       |     1 ||     1
